 Dungeon Crawl Stone Soup version 0.29.1-1-gd02db6906a (webtiles) character file.

Game seed: 4857045568189029558

34 RogueRain17 the Poker (level 3, -4/31 HPs)
             Began as a Hill Orc Monk on Oct 1, 2022.
             Slain by Terence
             ... wielding a +3 mace
              (7 damage)
             ... on level 2 of the Dungeon.
             The game lasted 00:02:35 (1293 turns).

RogueRain17 the Poker (Hill Orc Monk)               Turns: 1293, Time: 00:02:35

Health: -4/31      AC:  3    Str: 15    XL:     3   Next: 31%
Magic:  3/3        EV: 12    Int: 10    God:
Gold:   45         SH:  0    Dex: 13    Spells: 2/2 levels left

rFire   . . .      SeeInvis .   a - +0 spear
rCold   . . .      Faith    .   (no shield)
rNeg    . . .      Spirit   .   b - +0 robe
rPois   .          Reflect  .   (no helmet)
rElec   .          Harm     .   (no cloak)
rCorr   .          Rampage  .   f - +0 pair of gloves
Will    .....                   (no boots)
Stlth   ++........              (no amulet)
HPRegen 0.10/turn               (no ring)
MPRegen 0.08/turn               (no ring)

@: flying
A: no striking features
a: no special abilities


You were on level 2 of the Dungeon.
You visited 1 branch of the dungeon, and saw 2 of its levels.

You collected 45 gold pieces.

Inventory:

Hand Weapons
 a - a +0 spear (weapon)
Armour
 b - a +0 robe (worn)
 f - a +0 pair of gloves (worn)
Scrolls
 d - a scroll of identify {unknown}
 g - a scroll of immolation {unknown}
 h - a scroll of summoning {unknown}
 i - a scroll of silence {unknown}
 j - a scroll of magic mapping {unknown}


   Skills:
 - Level 3.6 Fighting
 * Level 4.3 Polearms
 + Level 2.8 Dodging
 - Level 1.5 Stealth


You had 2 spell levels left.
You didn't know any spells.
Your spell library was empty.

Dungeon Overview and Level Annotations

Branches:
Dungeon (2/15)

Altars:

Annotations:
D:2 Terence


Message History

An adder comes into view.
Terence hits you with a +3 mace!
You closely miss Terence.
Terence is moderately wounded.
Terence shouts, "DIE!!!"
Terence hits you with a +3 mace.
You hit Terence but do no damage.
Terence is moderately wounded.
Terence closely misses you.
The endoplasm jiggles.
It was a potion of flight.
You feel very buoyant.
You fly up into the air.
Terence closely misses you.
It was a potion of curing.
You feel better. Terence barely misses you.
You hit Terence but do no damage.
Terence is lightly wounded.
Terence barely misses you.
You hit Terence but do no damage.
Terence is lightly wounded.
Terence bares his teeth.
Terence hits you with a +3 mace.
You hit Terence but do no damage.
Terence is lightly wounded.
Terence misses you.
You hit Terence.
Terence is moderately wounded.
Terence hits you with a +3 mace!
You hit Terence but do no damage.
Terence is moderately wounded.
You barely miss Terence.
Terence is moderately wounded.
Terence closely misses you.
You hit Terence.
Terence is moderately wounded.
Terence hits you with a +3 mace!
* * * LOW HITPOINT WARNING * * *
You hit Terence but do no damage.
Terence is moderately wounded.
Terence hits you with a +3 mace!
You die...

#.#####.#...#
#.###########
#............
#############
........## #
#....... #
####.# #.###.##
#..####....#
#.#.....
#.SJ@@..#
#....###
#...####..#
###.## # . #..#
#.# # ##.####
#.# #
#....######.####
#...............
#######.###....#
#........#...
#......#.#..#


You could see Terence, an adder and an endoplasm.

Vanquished Creatures
  A gnoll (D:1)
  A dart slug (D:1)
  2 endoplasms (D:1)
  2 giant cockroaches (D:1)
  2 goblins (D:1)
  2 hobgoblins
  3 quokkas
  2 ball pythons (D:1)
  4 bats (D:1)
  A kobold (D:1)
  A rat (D:1)
21 creatures vanquished.

Notes
Turn   | Place    | Note
-------+----------+-------------------------------------------
     0 | D:1      | RogueRain17 the Hill Orc Monk began the quest for the Orb.
     0 | D:1      | Reached XP level 1. HP: 19/19 MP: 1/1
   135 | D:1      | Reached XP level 2. HP: 4/26 MP: 2/2
   440 | D:1      | Reached skill level 4 in Polearms
   813 | D:1      | Reached XP level 3. HP: 28/31 MP: 3/3
  1276 | D:2      | Noticed Terence
  1293 | D:2      | Slain by Terence

Illustrated notes

Levels and vault maps discovered:
D:1:      lemuel_arrival_cross, layout_basic
D:2:      layout_basic, uniq_terence

Skill      XL: |  1  2 |
---------------+-------+-----
Polearms       | 4 |  4.3
Fighting       | |  3.6
Dodging        | |  2.8
Stealth        | |  1.5

Action                   || total
-------------------------++-------
Melee: Spear             ||   101
  Use: Potion            ||     3
 Stab: Sleeping          ||     4
Armor: Robe              ||    13
Dodge: Dodged            ||    50
